 Dungeon Crawl Stone Soup version 0.28.0-43-g3370ac3207 (webtiles) character file.

Game seed: 10368344038197086991

56 croobank the Conjurer (level 3, -4/14 HPs)
             Began as a Felid Conjurer on Mar 24, 2022.
             Slain by a worm (11 damage)
             ... on level 3 of the Dungeon.
             The game lasted 00:04:45 (1840 turns).

croobank the Conjurer (Felid Conjurer)              Turns: 1840, Time: 00:04:45

Health: -4/14      AC:  1    Str:  3    XL:     3   Next: 71%
Magic:  0/7        EV: 17    Int: 21    God:
Gold:   38         SH:  0    Dex: 14    Spells: 1/7 levels left
                                        Lives:  0   Deaths: 0

rFire   + . .      SeeInvis +   (weapon unavailable)
rCold   . . .      Faith    .   (shield unavailable)
rNeg    . . .      Spirit   .   (armour unavailable)
rPois   .          Reflect  .   (helmet unavailable)
rElec   .          Harm     .   (cloak unavailable)
rCorr   .          Rampage  .   (gloves unavailable)
Will    .....                   (boots unavailable)
Stlth   ++........              (no amulet)
HPRegen 0.04/turn               g - ring of protection from fire
MPRegen 0.10/turn               (no ring)

@: quick
A: very small, claws 1, fangs 3, see invisible, speed 1, shaggy fur 1, stealthy
paws, no weapons or thrown items, no armour, multi-lived
a: no special abilities


You were on level 3 of the Dungeon.
You visited 1 branch of the dungeon, and saw 3 of its levels.

You collected 38 gold pieces.

Inventory:

Jewellery
 g - a ring of protection from fire (left paw)
Wands
 d - a wand of flame (12)
Scrolls
 c - a scroll of teleportation {unknown}
 e - 2 scrolls of identify {unknown}
Potions
 a - a potion of degeneration {unknown}
 b - a potion of lignification {unknown}
 f - a potion of might {unknown}


   Skills:
 + Level 3.5 Dodging
 + Level 3.7 Stealth
 + Level 2.5 Spellcasting
 + Level 4.0 Conjurations


You had one spell level left.
You knew the following spells:

 Your Spells              Type           Power      Damage    Failure   Level
a - Magic Dart            Conj           76%        1d6       2%          1
b - Searing Ray           Conj           38%        2d5       4%          2
c - Dazzling Flash        Conj/Hex       22%        N/A       19%         3

Your spell library contained the following spells:

 Spells                   Type           Power      Damage    Failure   Level
 Slow                     Hex            8%         N/A       14%         1
 Confusing Touch          Hex            2%         N/A       38%         3
 Vampiric Draining        Necr           2%         2d6       38%         3
 Fulminant Prism          Conj/Hex       5%         3d7       52%         4
 Iskenderun's Mystic Bla  Conj/Tloc      11%        2d4       52%         4


Dungeon Overview and Level Annotations

Branches:
Dungeon (3/15)

Altars:

Annotations:
D:2 Robin


Innate Abilities, Weirdness & Mutations

You have sharp claws.
You have razor-sharp teeth.
You have supernaturally acute eyesight. (SInv)
You cover ground quickly. (Speed+)
You are covered in fur. (AC +1)
Your paws help you pounce on unaware monsters.
You are incapable of wielding weapons or throwing items.
You cannot wear armour.
You gain extra lives every three experience levels.


Message History

Press: ? - help, Shift-Dir - straight line, f - endoplasm
Aim: an endoplasm (asleep, 100% to hit)
The magic dart hits the endoplasm.
The endoplasm is heavily wounded.
Casting: Magic Dart (safe; 2% risk of failure)
Confirm with . or Enter, or press ? or * to list all spells.
Aiming: Magic Dart (safe; 2% risk of failure)
Press: ? - help, Shift-Dir - straight line, f/p - endoplasm
Aim: an endoplasm (heavily wounded, 100% to hit)
The magic dart hits the endoplasm.
You kill the endoplasm!
Casting: Magic Dart (safe; 2% risk of failure)
Confirm with . or Enter, or press ? or * to list all spells.
Aiming: Magic Dart (safe; 2% risk of failure)
Press: ? - help, Shift-Dir - straight line, f - worm
Aim: a worm (100% to hit)
The magic dart hits the worm.
The worm is lightly wounded.
Casting: Magic Dart (safe; 2% risk of failure)
Confirm with . or Enter, or press ? or * to list all spells.
Aiming: Magic Dart (safe; 2% risk of failure)
Press: ? - help, Shift-Dir - straight line, f/p - worm
Aim: a worm (lightly wounded, 100% to hit)
The magic dart hits the worm.
The worm is moderately wounded.
Casting: Magic Dart (safe; 2% risk of failure)
Confirm with . or Enter, or press ? or * to list all spells.
Aiming: Magic Dart (safe; 2% risk of failure)
Press: ? - help, Shift-Dir - straight line, p - worm The magic dart hits the worm.
The worm is lightly wounded.
You scratch the worm but do no damage. You bite the worm.
The worm is moderately wounded.
The worm bites you!
Ouch! That really hurt!
You barely miss the worm. You bite the worm.
The worm is moderately wounded.
The worm bites you!
Ouch! That really hurt!
You die...

.. #. ... #.
...###.
#.#....##########
#................
#.......#..#####
#.......#..## #
#.......#...# .#
........#@..####.#
##......#w.......#
#...............#
....(..........#.#
...#.........#...#
...#.....#...#.#.#
.. ##....#...†...#
.....##....<#.#
......##.......#


You could see a worm.

Vanquished Creatures
  An adder (D:3)
  2 dart slugs
  A bat (D:1)
  2 endoplasms
  3 giant cockroaches
  3 goblins
  8 hobgoblins
  3 jackals (D:1)
  3 kobolds
  2 quokkas (D:1)
  5 ball pythons
  2 frilled lizards
  3 rats
38 creatures vanquished.

Notes
Turn   | Place    | Note
-------+----------+-------------------------------------------
     0 | D:1      | croobank the Felid Conjurer began the quest for the Orb.
     0 | D:1      | Reached XP level 1. HP: 7/7 MP: 4/4
   236 | D:1      | Reached XP level 2. HP: 10/11 MP: 1/6
   239 | D:1      | Learned a level 2 spell: Searing Ray
   424 | D:1      | Found a faded altar of an unknown god.
   756 | D:1      | Reached XP level 3. HP: 12/14 MP: 2/7
   760 | D:1      | Learned a level 3 spell: Dazzling Flash
  1635 | D:2      | Noticed Robin
  1816 | D:3      | Reached skill level 4 in Conjurations
  1840 | D:3      | Slain by a worm

Illustrated notes

Levels and vault maps discovered:
D:1:      dpeg_arrival_long_road, layout_basic,
          ebering_ecumenical_altar_sacrificial, hangedman_decor_points,
          item_on_display_a
D:2:      layout_basic, uniq_robin, uniq_natasha
D:3:      kb_forest_paths, layout_basic, mainiacjoe_overflow_catch_the_wave

Skill      XL: |  1  2  3 |
---------------+----------+-----
Stealth        | 3 |  3.7
Dodging        | 3 |  3.5
Conjurations   | 4 |  4.0
Spellcasting   | |  2.5

Action                   || total
-------------------------++-------
Melee: Unarmed           ||    23
       Bite              ||     6
       Punch             ||     1
 Cast: Magic Dart        ||    74
Armor: Skin              ||     1
Dodge: Dodged            ||    22
